 Dungeon Crawl Stone Soup version 0.29.1-15-g9cfb28693d (webtiles) character file.

Game seed: 929191259298270115

753 Jase the Firebug (level 7, -4/50 HPs)
             Began as a Hill Orc Fire Elementalist on Apr 25, 2023.
             Was a Follower of Uskayaw.
             Slain by an orc warrior
             ... wielding a +0 trident
              (6 damage)
             ... on level 6 of the Dungeon.
             The game lasted 00:15:41 (6347 turns).

Jase the Firebug (Hill Orc Fire Elementalist)       Turns: 6347, Time: 00:15:42

Health: -4/50      AC:  8    Str: 11    XL:     7   Next: 78%
Magic:  7/9        EV: 10    Int: 17    God:    Uskayaw [*.....]
Gold:   333        SH:  0    Dex: 11    Spells: 3/9 levels left

rFire   . . .      SeeInvis .   a - +0 war axe
rCold   . . .      Faith    .   (no shield)
rNeg    . . .      Spirit   .   o - +0 ring mail
rPois   .          Reflect  .   s - +2 hat
rElec   .          Harm     .   (no cloak)
rCorr   .          Rampage  .   (no gloves)
Will    .....                   t - +0 pair of boots
Stlth   +.........              (no amulet)
HPRegen 0.16/turn               (no ring)
MPRegen 0.11/turn               (no ring)

@: very slightly contaminated
A: no striking features
a: Renounce Religion, Stomp


You were on level 6 of the Dungeon.
You worshipped Uskayaw.
Uskayaw was noncommittal.
You visited 2 branches of the dungeon, and saw 7 of its levels.

You collected 333 gold pieces.

Inventory:

Hand Weapons
 a - a +0 war axe (weapon)
Missiles
 u - 3 poisoned darts
Armour
 o - a +0 ring mail (worn)
 s - a +2 hat (worn)
 t - a +0 pair of boots (worn)
Jewellery
 h - a ring of fire
Wands
 l - a wand of digging (2)
 v - a wand of paralysis (20)
Scrolls
 c - 2 scrolls of vulnerability {unknown}
 d - a scroll of poison {unknown}
 e - 3 scrolls of teleportation {unknown}
 f - 3 scrolls of fear {unknown}
 g - a scroll of amnesia {unknown}
 j - 5 scrolls of identify {unknown}
 w - a scroll of magic mapping {unknown}
Potions
 i - 2 potions of ambrosia {unknown}
 k - a potion of mutation {unknown}
 m - 2 potions of curing {unknown}
 n - 2 potions of cancellation {unknown}
 p - a potion of resistance {unknown}
 q - 2 potions of might {unknown}
 r - 2 potions of lignification {unknown}


   Skills:
 + Level 4.1 Axes
 + Level 3.2 Armour
 - Level 1.5 Dodging
 - Level 1.5 Stealth
 - Level 1.5 Spellcasting
 + Level 3.0 Conjurations
 * Level 6.8 Fire Magic
 + Level 3.5 Invocations


You had 3 spell levels left.
You knew the following spells:

 Your Spells              Type           Power      Damage    Failure   Level
a - Foxfire               Conj/Fire      72%        2x1d7     6%          1
b - Scorch                Fire           48%        2d7       4%          2
c - Conjure Flame         Conj/Fire      18%        6-21      19%         3

Your spell library contained the following spells:

 Spells                   Type           Power      Damage    Failure   Level
 Inner Flame              Hex/Fire       12%        N/A       34%         3
 Static Discharge         Conj/Air       6%         3-4/arc   36%         2
 Apportation              Tloc           2%         N/A       43%         1
 Flame Wave               Conj/Fire      18%        2d7       52%         4
 Sticky Flame             Conj/Fire      18%        2d4       52%         4
 Dispel Undead            Necr           1%         3d6       99%         4
 Alistair's Intoxication  Tmut/Pois      0%         N/A       100%        5


Dungeon Overview and Level Annotations

Branches:
Dungeon (6/15)             Temple (1/1) D:4

Altars:
Ashenzari
Dithmenos
Elyvilon
Fedhas
Gozag
Makhleb
Okawaru
Qazlal
Ru
Sif Muna
Trog
Uskayaw
Vehumet
Wu Jian
Xom
Yredelemnul


Message History

The orc warrior hits you from afar with a +0 trident!
A white imp comes into view.
You feel a surge of power!
You miscast Foxfire.
You are very lightly contaminated with residual magic.
Nothing appears to happen.
The orc warrior is no longer more vulnerable to fire.
The foxfire hits the orc warrior.
The orc warrior is severely wounded.
The foxfire hits the orc warrior but does no damage.
The orc warrior is severely wounded.
The orc warrior hits you from afar with a +0 trident!
A shadow imp comes into view.
Unknown command.
Okay, then.
You remove your ring of fire.
The white imp gestures at you. The puff of frost hits you!
You can no longer pass through a line of other dancers.
Magic courses through your body. The white imp hits you.
* * * LOW HITPOINT WARNING * * *
The white imp freezes you.
* * * LOW HITPOINT WARNING * * *
The orc warrior closely misses you.
Unknown command.
You are too injured to fight recklessly!
Casting: Foxfire (safe; 6% risk of failure)
Confirm with . or Enter, or press ? or * to list all spells.
You miscast Foxfire.
Nothing appears to happen.
The white imp gestures at you. The puff of frost hits you!
* * * LOW HITPOINT WARNING * * *
The orc warrior hits you from afar with a +0 trident.
* * * LOW HITPOINT WARNING * * *
Casting: Foxfire (safe; 6% risk of failure)
Confirm with . or Enter, or press ? or * to list all spells.
You conjure some foxfire!
The white imp closely misses you.
The foxfire hits the orc.
The orc is moderately wounded.
The orc warrior hits you from afar with a +0 trident.
You die...

#..........# #....
#..........# #....
#..........# #....
#.........†######....
##...................
#..........######.##.
#..........######.##.
#....v.....#......#..
#...@.....)..####...#
#.o5o.............###
##..o......####.......
#.5#......## #.###...
#........## #........
#........... ...<......
....###.##.......######.
.#.## #.# #..#..# #. .5
#. .. .#... ##


You could see an orc warrior, 2 white imps and 2 orcs.

Vanquished Creatures
  A black bear (D:5)
  An ogre (D:6)
  5 wights (D:5)
  A jelly (D:6)
  An orc priest (D:5)
  Jessica (D:3)
  3 iguanas
  3 gnolls (D:5)
  5 adders
  An ufetubus (D:4)
  A worm (D:2)
  3 dart slugs
  3 orcs (D:5)
  7 ball pythons
  7 bats
  9 endoplasms
  4 giant cockroaches
  6 goblins
  9 hobgoblins
  2 quokkas
  5 frilled lizards
  5 kobolds
  6 rats
89 creatures vanquished.

Vanquished Creatures (others)
  309 foxfires
  4 plants (D:1)
313 creatures vanquished.

Grand Total: 402 creatures vanquished

Notes
Turn   | Place    | Note
-------+----------+-------------------------------------------
     0 | D:1      | Jase the Hill Orc Fire Elementalist began the quest for the
                  | Orb.
     0 | D:1      | Reached XP level 1. HP: 14/14 MP: 3/3
   407 | D:1      | Reached XP level 2. HP: 20/20 MP: 1/4
   901 | D:1      | Reached XP level 3. HP: 23/26 MP: 3/5
  1119 | D:1      | Reached skill level 4 in Fire Magic
  1128 | D:1      | Learned a level 2 spell: Scorch
  1244 | D:1      | Found a faded altar of an unknown god.
  2377 | D:3      | Reached XP level 4. HP: 33/33 MP: 3/6
  2945 | D:3      | Noticed Jessica
  2949 | D:3      | Killed Jessica
  2993 | D:3      | Found a shimmering blue altar of Sif Muna.
  3152 | D:3      | Reached skill level 1 in Axes
  3772 | D:4      | Reached skill level 1 in Armour
  3772 | D:4      | Reached XP level 5. HP: 17/38 MP: 5/7
  4083 | D:4      | Found a staircase to the Ecumenical Temple.
  4093 | D:4      | Reached skill level 5 in Fire Magic
  4286 | Temple   | Entered the Ecumenical Temple
  4420 | Temple   | Became a worshipper of Uskayaw the Reveller
  4909 | D:4      | Found a blossoming altar of Fedhas.
  4971 | D:5      | Entered Level 5 of the Dungeon
  4979 | D:5      | Reached * piety under Uskayaw
  5088 | D:5      | Noticed a black bear
  5092 | D:5      | Reached ** piety under Uskayaw
  5099 | D:5      | Reached *** piety under Uskayaw
  5100 | D:5      | Killed a black bear
  5101 | D:5      | Reached skill level 1 in Invocations
  5101 | D:5      | Reached XP level 6. HP: 45/45 MP: 1/8
  5609 | D:5      | Reached skill level 6 in Fire Magic
  5615 | D:5      | Reached XP level 7. HP: 23/49 MP: 4/9
  5619 | D:5      | Learned a level 3 spell: Conjure Flame
  6346 | D:6      | HP: 1/50 [orc warrior/+0 trident (5)]
  6347 | D:6      | Slain by an orc warrior

Illustrated notes

Levels and vault maps discovered:
D:1:      amcnicky_arrival_feature_with_door, layout_loops_ring,
          dilly_ecumenical_altar_fadedgnrine, corexii_leaking_fountain
D:2:      layout_basic
D:3:      layout_loops_ring, tgw_sif
D:4:      layout_basic, fedhas_altar_fruit_tree, minmay_temple_entry_glass,
          kennysheep_nondescript
D:5:      layout_basic, hangedman_decor_push, interstate_on_off
D:6:      layout_rooms
Temple:   nicolae_temple_superstar

Skill      XL: |  1  2  3  4  5  6  7 |
---------------+----------------------+-----
Conjurations   | 2 3 |  3.0
Fire Magic     | 4 5 6 |  6.8
Axes           | 1 2 3 4 |  4.1
Armour         | 1 2 3 |  3.2
Invocations    | 1 2 3 |  3.5
Dodging        | |  1.5
Stealth        | |  1.5
Spellcasting   | |  1.5

Action                   |  1- 3 |  4- 6 |  7- 9 || total
-------------------------+-------+-------+-------++-------
Melee: Club              |    10 |       |       ||    10
       Unarmed           |     1 |       |       ||     1
       War axe           |       |    47 |     2 ||    49
 Cast: Foxfire           |    74 |    73 |    33 ||   180
       Scorch            |       |       |     2 ||     2
  Use: Potion            |       |       |     1 ||     1
 Stab: Sleeping          |     3 |       |       ||     3
       Paralysed         |       |     1 |     1 ||     2
Armor: Robe              |     1 |       |       ||     1
       Ring mail         |       |    31 |     3 ||    34
Dodge: Dodged            |    19 |    38 |     4 ||    61
